AoeStats
← ZamSerg

Pilgrims

507898488Analyzed
4v4 RM · 12d ago on Sep 20, 2026· 25m 4s· 8 players
Game mode
Random Map
Map size
Large (8 player)
Population
200
Speed
Normal
Resources
Standard
Victory
Conquest
Starting age
Dark Age
Ending age
Imperial Age
RankedLock teamsTeams togetherTeam positionsShared explorationLock speedFull tech treeHidden civsTurbo modeCheats
Victory
Defeat
🇦🇷 Mongols · Argentina
1232
+16
🇨🇳 Burgundians · China
1232
+16
🇰🇷 Vietnamese · South Korea
1222
+16
🇹🇼 Huns · Taiwan
1194
+17
🇷🇺 Celts · Russia
1255
-17
🇫🇷 Mongols · France
1235
-18
🇲🇽 Vietnamese · Mexico
1217
-16
🇵🇪 Persians · Peru
1177
-14
Sonaron Disparos
5:40 Loom
11:19 Feudal Age
12:00 Double-Bit Axe
15:46 Fletching
17:21 Padded Archer Armor
Pe | xfirecorsair
10:00 Loom
16:43 Feudal Age
20:58 Castle Age
19:01 Horse Collar
21:49 Double-Bit Axe
Sahraoui
10:02 Loom
11:48 Feudal Age
13:44 Double-Bit Axe
16:46 Castle Age
15:47 Town Watch
16:40 Wheelbarrow
16:01 Fletching
16:15 Padded Archer Armor
18:32 Bodkin Arrow
ZamSerg
8:01 Loom
13:32 Feudal Age
14:00 Fishing Lines
14:30 Double-Bit Axe
14:39 Gold Mining
20:33 Castle Age
18:49 Fletching
21:11 Gillnets
21:34 Medium Warships
21:50 Bow Saw
22:19 Wheelbarrow
神鬼戰士
6:38 Loom
12:11 Feudal Age
13:27 Wheelbarrow
12:38 Town Watch
12:41 Double-Bit Axe
12:38 Horse Collar
16:32 Castle Age
14:37 Stone Mining
17:23 Bow Saw
17:43 Heavy Plow
18:11 Hand Cart
18:01 Gold Mining
24:39 Fletching
Alpenhime
10:20 Feudal Age
9:29 Loom
12:12 Double-Bit Axe
14:44 Fletching
14:55 Padded Archer Armor
16:38 Horse Collar
21:16 Castle Age
20:06 Stone Mining
20:06 Gold Mining
21:22 Crossbowman
22:56 Bodkin Arrow
23:16 Leather Archer Armor
23:38 Heavy Plow
23:53 Bow Saw
25:53 Ballistics
+m<ssi
4:34 Loom
9:37 Feudal Age
10:23 Double-Bit Axe
15:10 Horse Collar
15:25 Gold Mining
18:21 Castle Age
17:38 Fishing Lines
18:22 Bloodlines
19:11 Wheelbarrow
20:21 Bow Saw
20:54 Husbandry
21:10 Scale Barding Armor
21:15 Forging
24:01 Chain Barding Armor
24:16 Iron Casting
88098560
3:23 Loom
13:17 Feudal Age
12:11 Double-Bit Axe
12:07 Horse Collar
12:50 Gold Mining
15:20 Scale Mail Armor
16:14 Fletching
16:56 Bow Saw
18:55 Padded Archer Armor
19:05 Forging
19:52 Wheelbarrow
22:51 Castle Age
20:58 Heavy Plow
25:17 Castle Age
23:33 Hand Cart
23:30 Scale Barding Armor
23:36 Forging
Connection lost

Rejoining the realm…

Still unreachable

The connection could not be restored.

Session expired

The server has moved on; the page needs a fresh start.